 Dungeon Crawl Stone Soup version 0.30-a0-1-g69b7b797bf (webtiles) character file.

Game seed: 11809452269251296812

372 BritishOli the Trooper (level 6, -15/49 HPs)
             Began as a Demonspawn Fighter on Aug 19, 2022.
             Demolished by an orc wizard
             ... wielding a +2 dagger of electrocution
              (16 damage)
             ... on level 3 of the Dungeon.
             The game lasted 00:03:36 (3551 turns).

BritishOli the Trooper (Demonspawn Fighter)         Turns: 3551, Time: 00:03:36

Health: -15/49     AC:  8    Str: 19    XL:     6   Next: 43%
Magic:  6/6        EV: 11    Int:  9    God:
Gold:   175        SH:  8    Dex: 12    Spells: 5/5 levels left

rFire   . . .      SeeInvis .    a - +0 long sword
rCold   . . .      Faith    .    f - +0 kite shield
rNeg    . . .      Spirit   .    b - +0 scale mail
rPois   .          Reflect  .    q - +0 helmet
rElec   .          Harm     .    (no cloak)
rCorr   .          Rampage  .    (no gloves)
Will    .....                    (no boots)
Stlth   ..........               (no amulet)
HPRegen 0.16/turn                n - +4 ring of evasion
MPRegen 0.10/turn                (no ring)

@: no status effects
A: hooves 1, demonic guardian 1
a: no special abilities


You were on level 3 of the Dungeon.
You visited 1 branch of the dungeon, and saw 3 of its levels.

You collected 175 gold pieces.

Inventory:

Hand Weapons
 a - a +0 long sword (weapon)
Armour
 b - a +0 scale mail (worn)
 c - a +0 buckler
 f - a +0 kite shield (worn)
 q - a +0 helmet (worn)
Jewellery
 j - an amulet of magic regeneration
 n - a +4 ring of evasion (left hand)
 o - a ring of protection from cold
Wands
 x - a wand of flame (26)
Scrolls
 e - 3 scrolls of teleportation {unknown}
 h - a scroll of amnesia {unknown}
 m - a scroll of vulnerability {unknown}
 p - 2 scrolls of fog {unknown}
 r - a scroll of blinking {unknown}
 s - a scroll of enchant weapon {unknown}
 t - a scroll of identify {unknown}
 u - a scroll of noise {unknown}
 v - 2 scrolls of fear {unknown}
Potions
 d - a potion of might
 g - 3 potions of curing {unknown}
 i - a potion of attraction {unknown}
 k - a potion of resistance {unknown}
 l - a potion of magic {unknown}
 w - 2 potions of invisibility {unknown}


   Skills:
 + Level 4.4 Fighting
 + Level 3.3 Long Blades
 + Level 4.0 Armour
 + Level 4.0 Shields


You had 5 spell levels left.
You didn't know any spells.
Your spell library contained the following spells:

 Spells                   Type           Power      Damage    Failure   Level
 Ensorcelled Hibernation  Hex/Ice        0%         N/A       99%         2
 Passwall                 Tmut/Erth      0%         N/A       99%         2
 Swiftness                Air            0%         N/A       100%        3


Dungeon Overview and Level Annotations

Branches:
Dungeon (3/15)

Altars:
Ashenzari
Dithmenos


Innate Abilities, Weirdness & Mutations

You have large cloven feet.
A weak demonic guardian rushes to your aid.


Message History

An orc wizard appears from thin air!
Reactivating autopickup.
The orc wizard barely misses you.
You closely miss the orc wizard. You kick the orc wizard.
You kill the orc wizard!
Terence hits you with a +0 flail!
* * * LOW HITPOINT WARNING * * *
Your Armour skill increases to level 4!
Your Shields skill increases to level 4!
You slash Terence! Your kick misses Terence.
Terence is moderately wounded.
You block Terence's attack.
You closely miss Terence.
Terence is moderately wounded.
You block Terence's attack. Terence closely misses you.
You slash Terence! Your kick misses Terence.
Terence is severely wounded.
You block Terence's attack.
You hit Terence but do no damage.
Terence is severely wounded.
Terence hits you with a +0 flail.
* * * LOW HITPOINT WARNING * * *
A demonic guardian appears!
You block Terence's attack.
You hit Terence but do no damage. You kick Terence, but do no damage.
Terence is severely wounded.
Terence hits you with a +0 flail!
* * * LOW HITPOINT WARNING * * *
You barely miss Terence. Your kick misses Terence.
Terence is severely wounded.
You block Terence's attack.
You hit Terence but do no damage. Your kick misses Terence.
Terence is severely wounded.
You block Terence's attack. Terence misses you.
You slash Terence!
You kill Terence!
Deactivating autopickup; reactivate with Ctrl-A.
You miss something. Something hits you.
* * * LOW HITPOINT WARNING * * *
You are electrocuted!
You die...

##### ##...## ##.....##
##...>...##
#..>......###### #
#..†............
#...#####.........######
.....o)@5........##
#.$.#####.#.....## #
..#......## #.###.#.## ###
#.# #.#.# ...##.#
#.#.########
#####.##.###.#.[......###
##.........##.#..#####.#..
# ##...##.#...##.#..##
#.#.#


You could see an orc (ally target) and a friendly shadow imp (summoned).

Vanquished Creatures
  An orc priest (D:3)
  Terence (D:3)
  An orc wizard (D:3)
  Robin (D:2)
  An adder (D:3)
  3 worms
  2 dart slugs (D:3)
  2 orcs (D:3)
  7 ball pythons
  4 bats
  4 endoplasms
  2 giant cockroaches (D:2)
  10 hobgoblins
  4 jackals (D:2)
  5 kobolds
  3 frilled lizards (D:1)
  8 goblins
  6 rats
65 creatures vanquished.

Vanquished Creatures (collateral kills)
  Grinder (D:3)
  A goblin (D:2)
2 creatures vanquished.

Grand Total: 67 creatures vanquished

Notes
Turn   | Place    | Note
-------+----------+-------------------------------------------
     0 | D:1      | BritishOli the Demonspawn Fighter began the quest for the
                  | Orb.
     0 | D:1      | Reached XP level 1. HP: 18/18 MP: 1/1
   246 | D:1      | Gained mutation: A weak demonic guardian rushes to your
                  | aid. [demonic ancestry]
   246 | D:1      | Reached XP level 2. HP: 24/24 MP: 2/2
   887 | D:1      | Found a faded altar of an unknown god.
  1797 | D:2      | Found a broken altar of Ashenzari.
  1800 | D:2      | Reached XP level 3. HP: 29/29 MP: 3/3
  2386 | D:3      | Noticed Robin
  2394 | D:2      | Killed Robin
  2587 | D:2      | Reached XP level 4. HP: 13/36 MP: 4/4
  2968 | D:3      | Noticed Grinder
  2972 | D:3      | Paralysed by Grinder for 3 turns
  2999 | D:3      | Paralysed by Grinder for 4 turns
  3001 | D:3      | Killed Grinder
  3002 | D:3      | Gained mutation: You have large cloven feet. [demonic
                  | ancestry]
  3002 | D:3      | Reached XP level 5. HP: 14/42 MP: 5/5
  3002 | D:3      | Reached XP level 6. HP: 16/48 MP: 6/6
  3231 | D:3      | Found a shadowy altar of Dithmenos.
  3517 | D:3      | Noticed Terence
  3547 | D:3      | HP: 1/49 [Terence/+0 flail (9)]
  3550 | D:3      | Killed Terence
  3551 | D:3      | Demolished by an orc wizard

Illustrated notes

Levels and vault maps discovered:
D:1:      saegor_arrival_simple_c, layout_loops_corners, serial_aquarium,
          aquarium_bridge_straight [aquarium_subvault_bridge,
          aquarium_subvault_wall, aquarium_subvault_bridge,
          aquarium_subvault_wall], aquarium_window_fake, aquarium_window_fake,
          aquarium_window_corridor_1, aquarium_view_2d, aquarium_balcony_3b,
          aquarium_pool_1, hellmonk_ecumenical_altar_arch_garden,
          kennysheep_another_room, bh_walls_and_bars
D:2:      layout_basic, basic_altar
D:3:      layout_loops_ring, mainiacjoe_overflow_big_doors,
          minmay_misc_feat_secret_circle, uniq_grinder, uniq_robin, uniq_terence

Skill      XL: |  1  2  3  4  5  6 |
---------------+-------------------+-----
Long Blades    | 2 3 |  3.3
Armour         | 3 4 |  4.0
Shields        | 3 4 |  4.0
Fighting       | 4 |  4.4

Action                   |  1- 3 |  4- 6 || total
-------------------------+-------+-------++-------
Melee: Long sword        |   134 |    91 ||   225
       Kick              |       |    11 ||    11
Armor: Scale mail        |    60 |    30 ||    90
Dodge: Dodged            |    92 |    34 ||   126
Block: Kite shield       |    83 |    36 ||   119
       Buckler           |     4 |       ||     4

Table legend: (Time is in decaauts)
 A = Elapsed time spent in this place.
 B = Non-inter-level travel time spent in this place.
 C = Inter-level travel time spent in this place.
 D = Time resting spent in this place.
 E = Time spent auto-exploring this place.
 F = Levels seen in this place.
 G = Mean time per level.
                   A        B        C        D        E       F      G
               +--------+--------+--------+--------+--------+-----+--------+
         Total |   3652 |   3569 |     83 |      0 |   3012 |   3 | 1217.3 |
       Dungeon |   3652 |   3569 |     83 |      0 |   3012 |   3 | 1217.3 |
               +--------+--------+--------+--------+--------+-----+--------+

Top non-repeatable levels by time:
     D:2: 1625 daAuts
     D:1: 1296 daAuts
     D:3: 730 daAuts
